Map: Golden Wall LE

Players

AGOElazer (Elazer)

  • Race: Zerg Zerg
  • League: Master
  • Spawn Location: 7:00

MarineLorD - Winner!

  • Race: Terran Terran
  • League: Master
  • Spawn Location: 5:00

Event: DreamHack SC2 Masters 2020 Fall

VOD

Have the link to the VOD?

Description

Time

  • Played on: Sept. 2, 2020, 1:45 p.m.
  • Length: 3:29

All games in this series

Show
View Real Time Build Order
Export as new Build Order

AGOElazer Zerg 

Build Orders: Hatch First 

Get SALT Encoding   

  12  0:00  Drone  
  13  0:12  Overlord  
  13  0:17  Drone  
  14  0:30  Drone x2  
  16  0:48  Hatchery  
  15  0:51  Drone  
  15  0:55  Drone  
  17  0:58  Drone  
  18  1:08  Extractor  
  17  1:13  Spawning Pool  
  17  1:17  Drone  
  17  1:20  Drone  
  18  1:28  Drone  
  19  1:39  Drone  
  20  1:49  Drone  
  21  2:00  Queen  
  21  2:01  Overlord, Zergling x2  
  26  2:07  Spine Crawler  
  23  2:11  Zergling x4  
  25  2:21  Overlord  
  22  2:31  Zergling x2  
  17  2:46  Zergling x4  
  19  2:57  Zergling x6  
  21  3:01  Zergling x2  
  21  3:06  Zergling x2  
Show
View Real Time Build Order
Export as new Build Order

MarineLorD Terran - Winner!

Build Orders:  

Get SALT Encoding   

  12  0:00  SCV  
  13  0:12  SCV  
  14  0:17  Supply Depot  
  14  0:24  SCV  
  15  0:40  Barracks  
  15  0:51  Barracks  
  15  1:04  Barracks  
  15  1:07  SCV  
  16  1:26  Orbital Command  
  16  1:27  Marine  
  17  1:37  Supply Depot  
  17  1:38  Marine  
  18  1:44  Marine  
  19  1:51  Marine  
  20  1:56  Marine  
  22  2:02  Marine  
  22  2:08  Bunker, Marine  
  22  2:10  SCV  
  22  2:14  Marine  
  25  2:20  Marine  
  26  2:35  Marine x2  
  26  2:45  Marine  
  26  2:47  SCV  
  28  2:53  Marine x2  
  28  3:03  SCV, Marine  
  29  3:10  Marine  
  29  3:11  Marine  
  30  3:15  SCV  
  31  3:22  Command Center  

Tags
 
Add a new tag
Caveats
  • Supply blocks, unpowered buildings, or Contaminate may cause inaccurate times.
  • Supply counts are checked every 10 seconds.